 Dungeon Crawl Stone Soup version 0.29.0-7-g18a832c13a (webtiles) character file.

Game seed: 4102778612152914195

910 SensoryNuts the Cleaver (level 8, -14/63 (68) HPs)
             Began as a Hill Orc Fighter on Aug 31, 2022.
             Killed from afar by Dowan (16 damage)
             ... with a shard of ice
             ... on level 5 of the Dungeon.
             The game lasted 00:06:11 (6052 turns).

SensoryNuts the Cleaver (Hill Orc Fighter)          Turns: 6052, Time: 00:06:12

HP:   -14/63 (68)   AC: 10    Str: 19    XL:     8   Next: 8%
MP:   8/8           EV:  9    Int:  8    God:
Gold: 323           SH:  5    Dex: 12    Spells: 7/7 levels left

rFire   . . .      SeeInvis .   a - +1 war axe
rCold   . . .      Faith    .   c - +0 buckler
rNeg    . . .      Spirit   .   b - +0 scale mail
rPois   .          Reflect  .   e - +0 helmet
rElec   .          Harm     .   l - +1 cloak
rCorr   .          Rampage  .   (no gloves)
Will    .....                   (no boots)
Stlth   ..........              (no amulet)
HPRegen 0.20/turn               (no ring)
MPRegen 0.11/turn               (no ring)

@: drained
A: no striking features
a: no special abilities


You were on level 5 of the Dungeon.
You visited 2 branches of the dungeon, and saw 6 of its levels.

You collected 323 gold pieces.

Inventory:

Hand Weapons
 a - a +1 war axe (weapon)
Armour
 b - a +0 scale mail (worn)
 c - a +0 buckler (worn)
 e - a +0 helmet (worn)
 l - a +1 cloak (worn)
Jewellery
 g - a ring of wizardry
 r - a +6 ring of intelligence
Wands
 p - a wand of flame (28)
Scrolls
 d - a scroll of fear
 i - a scroll of teleportation
 m - a scroll of noise
 n - a scroll of magic mapping
Potions
 f - a potion of degeneration
 h - 2 potions of lignification
 k - a potion of flight


   Skills:
 + Level 5.1 Fighting
 * Level 9.7 Axes
 + Level 4.9 Armour
 + Level 1.0 Dodging
 + Level 0.2 Stealth
 + Level 4.0 Shields


You had 7 spell levels left.
You didn't know any spells.
Your spell library contained the following spells:

 Spells                   Type           Power      Damage    Failure   Level
 Necrotise                Necr           0%         1d4       85%         1
 Blink                    Tloc           0%         N/A       94%         2
 Ensorcelled Hibernation  Hex/Ice        0%         N/A       94%         2
 Passwall                 Tmut/Erth      0%         N/A       94%         2
 Lesser Beckoning         Tloc           0%         N/A       99%         3
 Swiftness                Air            0%         N/A       99%         3
 Vampiric Draining        Necr           0%         2d6       99%         3
 Petrify                  Tmut/Erth      0%         N/A       100%        4
 Agony                    Necr           0%         N/A       100%        5
 Manifold Assault         Tloc           0%         N/A       100%        5
 Metabolic Englaciation   Hex/Ice        0%         N/A       100%        5
 Statue Form              Tmut/Erth      0%         N/A       100%        6
 Chain Lightning          Conj/Air       0%         N/A       100%        9
 Fire Storm               Conj/Fire      0%         5d1       100%        9
 Shatter                  Erth           0%         3d5*      100%        9


Dungeon Overview and Level Annotations

Branches:
Dungeon (5/15)             Temple (1/1) D:4

Altars:
Ashenzari
Cheibriados
Dithmenos
Elyvilon
Fedhas
Hepliaklqana
Kikubaaqudgha
Makhleb
Nemelex Xobeh
Okawaru
Ru
Sif Muna
Trog
Uskayaw
Vehumet
Wu Jian
Xom
Zin
The Shining One

Shops:
D:1 (   D:3 [

Annotations:
D:5 Dowan


Message History

You closely miss something.
You hear some strange, mumbled words.
A stone arrow appears from out of thin air!
The stone arrow hits you!
* * * LOW HITPOINT WARNING * * *
Something hits you.
* * * LOW HITPOINT WARNING * * *
You miss something. Something hits you but does no damage.
You closely miss something.
You hear some strange, mumbled words.
Something hits you but does no damage.
Things that are here:
a +3 short sword of draining; a +0 leather armour; the elf corpse of Duvessa You hear some strange, mumbled words.
There is a strange disturbance nearby!
There is a strange disturbance nearby!
There is a strange disturbance nearby!
There is a strange disturbance nearby!
You miss something. Something hits you.
* * * LOW HITPOINT WARNING * * *
You block something's attack.
You slash something! Something hits you.
* * * LOW HITPOINT WARNING * * *
Something hits you.
* * * LOW HITPOINT WARNING * * *
You hear some strange, mumbled words.
You swing at nothing.
You swing at nothing.
You swing at nothing.
A stone arrow appears from out of thin air!
The stone arrow hits you.
* * * LOW HITPOINT WARNING * * *
You swing at nothing.
You closely miss something. Something hits you.
* * * LOW HITPOINT WARNING * * *
You miss something. Something hits you but does no damage.
You hear some strange, mumbled words.
A shard of ice appears from out of thin air!
The shard of ice hits you!
You die...

#.###.# #.
#.#
#.##..###.
#.#
#....<....
#.#
####.#####
#.# #.#
#.# #.#
#.# #.#
#.# #.#
#@# #.#
#{## #.#
#).# #.#
##.#
#.#####
#.#
#......
#.#
######.
#.# #. #.#
#. #.# #.


There were no monsters in sight!

Vanquished Creatures
  Duvessa (D:5)
  An ice beast (D:5)
  An ogre (D:4)
  2 phantoms
  A scorpion (D:4)
  2 hounds (D:5)
  3 iguanas
  2 orc wizards (D:3)
  Robin (D:3)
  4 gnolls
  3 adders
  2 white imps (D:5)
  2 worms
  A dart slug (D:4)
  19 orcs
  9 ball pythons
  4 bats
  11 endoplasms
  4 giant cockroaches
  10 goblins
  14 hobgoblins
  4 jackals (D:1)
  12 kobolds
  A quokka (D:2)
  2 frilled lizards (D:2)
  6 rats
122 creatures vanquished.

Notes
Turn   | Place    | Note
-------+----------+-------------------------------------------
     0 | D:1      | SensoryNuts the Hill Orc Fighter began the quest for the
                  | Orb.
     0 | D:1      | Reached XP level 1. HP: 19/19 MP: 1/1
   111 | D:1      | Reached skill level 3 in Axes
   148 | D:1      | Reached XP level 2. HP: 27/27 MP: 2/2
   452 | D:1      | Reached XP level 3. HP: 24/33 MP: 3/3
   622 | D:1      | Found Uroumpoj's Weapon Shop.
   624 | D:1      | Reached skill level 4 in Axes
   990 | D:2      | Found a white marble altar of Elyvilon.
  1202 | D:2      | Found a faded altar of an unknown god.
  1409 | D:2      | Reached XP level 4. HP: 37/40 MP: 4/4
  1984 | D:3      | Reached skill level 5 in Axes
  2382 | D:3      | Reached XP level 5. HP: 46/46 MP: 5/5
  3093 | D:3      | Found Agiav's Armour Shoppe.
  3307 | D:4      | Noticed Robin
  3331 | D:3      | Reached skill level 6 in Axes
  3557 | D:3      | Killed Robin
  4060 | D:4      | Noticed a phantom
  4062 | D:4      | Noticed an ogre
  4073 | D:4      | Killed a phantom
  4074 | D:4      | Reached skill level 7 in Axes
  4074 | D:4      | Reached XP level 6. HP: 35/53 MP: 6/6
  4104 | D:4      | Reached skill level 8 in Axes
  4104 | D:4      | Reached XP level 7. HP: 17/60 MP: 7/7
  4326 | D:4      | Identified the +1 robe of Okawaru's Approval {Drain rF+
                  | Regen+ Dex+3}
  4590 | D:4      | Found a staircase to the Ecumenical Temple.
  4611 | Temple   | Entered the Ecumenical Temple
  5538 | D:5      | Entered Level 5 of the Dungeon
  5729 | D:5      | Found a shadowy altar of Dithmenos.
  5738 | D:5      | Found a sparkling altar of Nemelex Xobeh.
  5856 | D:5      | Reached skill level 5 in Fighting
  5905 | D:5      | Reached skill level 9 in Axes
  6015 | D:5      | Noticed Duvessa
  6016 | D:5      | Noticed Dowan
  6032 | D:5      | Killed Duvessa
  6033 | D:5      | Reached skill level 1 in Dodging
  6033 | D:5      | Reached XP level 8. HP: 21/63 MP: 8/8
  6051 | D:5      | HP: 2/63 [something (3)]
  6052 | D:5      | Killed from afar by Dowan

Illustrated notes

Levels and vault maps discovered:
D:1:      sevenhm_arrival_forest_fort_small_5, layout_loops_ring, serial_shops,
          nicolae_shop_trees
D:2:      minmay_wonky_spiral, layout_basic,
          shapermc_ecumenical_altar_mp_vishouse, basic_altar,
          hangedman_abyss_or_decor_lesser_grid, minmay_joined_circles
D:3:      layout_basic, serial_shops, nicolae_lakefront_shop,
          grunt_ministairs_7, minmay_cupped
D:4:      layout_basic, minmay_temple_entry_glass, minmay_diced_spiral,
          uniq_robin
D:5:      layout_loops_ring, elyvilon_altar_4, mainiacjoe_overflow_swirl,
          kennysheep_generic_room_4, uniq_duvessa
Temple:   eino_temple_scatter_basement

Skill      XL: |  1  2  3  4  5  6  7 |
---------------+----------------------+-----
Axes           | 3 4 5 7 8 9 |  9.7
Fighting       | 4 5 |  5.1
Armour         | 4 |  4.9
Shields        | 4 |  4.0
Dodging        | 1 |  1.0
Stealth        | |  0.2

Action                   |  1- 3 |  4- 6 |  7- 9 || total
-------------------------+-------+-------+-------++-------
Melee: War axe           |   107 |   174 |   109 ||   390
  Use: Scroll            |     6 |     7 |     4 ||    17
       Potion            |       |     4 |     1 ||     5
Armor: Scale mail        |    53 |    99 |    45 ||   197
Dodge: Dodged            |    47 |    95 |    40 ||   182
Block: Buckler           |    28 |    41 |    31 ||   100
